General information
- name: BNet
- type: Ladder team game (AT/RT)
- host: Battle.net
- saver: lassassin
map: MarketSquare
- players: 8
- length: 18:03
- speed: Fast
- version: 1.27 W3XP
- replay type: Public
» download(105 KB)
Players
team 1 (winner)
lassassin (
pink | 38 APM | 686 actions | 18:03)
4 Blood Mage
2 Banish
2 Siphon Mana
» actions
| Assign group hotkey | 14 | |
| Build / train | 53 | |
| Enter build submenu | 16 | |
| Enter hero's abilities submenu | 4 | |
| Right click | 309 | |
| Select / deselect | 120 | |
| Select group hotkey | 92 | |
| Use ability | 78 | |
686 total
» units
» upgrades
| Gunpowder | 3 | |
| Armor | 3 | |
| Flare | 1 | |
| Fragmentation Shards | 1 | |
8 total
» buildings
| Lumber Mill | 2 | |
| Farm | 10 | |
| Altar of Kings | 1 | |
| Blacksmith | 1 | |
| Keep | 2 | |
| Castle | 2 | |
| Workshop | 4 | |
22 total
» build order
00:39 Lumber Mill
00:44 Lumber Mill
00:58 Farm
01:15 Altar of Kings
01:27 Blacksmith
01:30 Farm
03:12 Keep
03:12 Keep
03:17 Farm
03:18 Farm
03:29 Farm
03:30 Farm
03:31 Farm
03:37 Farm
03:50 Farm
05:33 Castle
05:34 Castle
05:47 Workshop
05:50 Workshop
05:56 Workshop
05:59 Workshop
07:03 Farm
» items
| Scroll of Town Portal | 4 | |
| Scroll of Regeneration | 2 | |
| Scroll of Speed | 2 | |
| Potion of Healing | 1 | |
| Potion of Mana | 2 | |
11 total

»
eurowhynot (
orange | 60 APM | 1091 actions | 18:03)
6 Mountain King
3 Storm Bolt
2 Bash
1 Avatar
» actions
| Assign group hotkey | 16 | |
| Basic commands | 5 | |
| Build / train | 85 | |
| Enter build submenu | 22 | |
| Enter hero's abilities submenu | 6 | |
| Give item / drop item | 1 | |
| Remove unit from queue | 1 | |
| Right click | 660 | |
| Select / deselect | 125 | |
| Select group hotkey | 97 | |
| Use ability | 73 | |
1091 total
» units
» upgrades
| Masonry | 3 | |
| Armor | 3 | |
| Gunpowder | 3 | |
| Long Rifles | 1 | |
| Lumber Harvesting | 2 | |
12 total
» buildings
| Altar of Kings | 1 | |
| Farm | 13 | |
| Lumber Mill | 1 | |
| Blacksmith | 1 | |
| Barracks | 2 | |
| Scout Tower | 5 | |
| Town Hall | 1 | |
| Arcane Vault | 2 | |
| Guard Tower | 7 | |
| Arcane Tower | 2 | |
| Keep | 1 | |
| Castle | 1 | |
37 total
» build order
00:15 Altar of Kings
00:21 Farm
00:41 Farm
00:51 Lumber Mill
01:06 Blacksmith
01:37 Farm
01:53 Farm
02:12 Barracks
02:26 Barracks
02:50 Farm
04:51 Scout Tower
04:53 Scout Tower
04:53 Scout Tower
04:54 Scout Tower
05:00 Town Hall
05:04 Scout Tower
05:20 Arcane Vault
05:24 Guard Tower
05:31 Guard Tower
05:31 Guard Tower
05:38 Arcane Tower
05:39 Arcane Tower
06:01 Guard Tower
06:02 Guard Tower
07:16 Keep
09:03 Arcane Vault
09:59 Castle
10:01 Farm
10:02 Farm
10:05 Farm
10:06 Farm
16:43 Farm
16:44 Farm
16:45 Farm
16:46 Farm
» items
| Scroll of Regeneration | 2 | |
| Lesser Clarity Potion | 1 | |
| Mechanical Critter | 2 | |
| Potion of Lesser Invulnerability | 1 | |
| Scroll of Healing | 1 | |
| Scroll of Protection | 1 | |
8 total
bm_dk_dhis4noob (
red | 73 APM | 1323 actions | 18:03)
6 Paladin
3 Holy Light
2 Divine Shield
1 Resurrection
» actions
| Basic commands | 2 | |
| Build / train | 80 | |
| Enter build submenu | 30 | |
| Enter hero's abilities submenu | 6 | |
| Give item / drop item | 3 | |
| Remove unit from queue | 1 | |
| Right click | 700 | |
| Select / deselect | 440 | |
| Use ability | 61 | |
1323 total
» units
| Peasant | 18 | |
| Footman | 3 | |
| Rifleman | 6 | |
| Gryphon Rider | 8 | |
35 total
» upgrades
| Masonry | 3 | |
| Gunpowder | 2 | |
| Armor | 4 | |
| Lumber Harvesting | 2 | |
| Long Rifles | 1 | |
| Animal War Training | 1 | |
| Swords | 3 | |
| Storm Hammers | 1 | |
17 total
» buildings
| Farm | 11 | |
| Altar of Kings | 1 | |
| Barracks | 3 | |
| Lumber Mill | 3 | |
| Arcane Vault | 2 | |
| Scout Tower | 5 | |
| Town Hall | 1 | |
| Guard Tower | 5 | |
| Arcane Tower | 1 | |
| Keep | 1 | |
| Blacksmith | 1 | |
| Castle | 1 | |
| Gryphon Aviary | 3 | |
38 total
» build order
00:09 Farm
00:12 Altar of Kings
00:25 Barracks
00:48 Farm
01:34 Farm
02:10 Farm
03:20 Lumber Mill
03:42 Lumber Mill
03:45 Arcane Vault
03:48 Scout Tower
03:51 Scout Tower
04:07 Lumber Mill
04:44 Town Hall
04:50 Scout Tower
05:07 Guard Tower
05:12 Scout Tower
05:17 Scout Tower
05:28 Arcane Tower
05:41 Guard Tower
05:41 Guard Tower
05:49 Guard Tower
05:49 Guard Tower
06:22 Keep
06:31 Blacksmith
06:34 Farm
06:36 Farm
06:45 Farm
06:48 Farm
06:52 Farm
07:10 Arcane Vault
07:28 Barracks
07:32 Barracks
07:41 Farm
07:43 Farm
09:18 Castle
10:49 Gryphon Aviary
10:51 Gryphon Aviary
10:53 Gryphon Aviary
» items
| Scroll of Regeneration | 2 | |
| Lesser Clarity Potion | 2 | |
| Boots of Speed | 1 | |
| Staff of Teleportation | 1 | |
| Orb of Fire | 1 | |
7 total
1.1.1.1 (
blue | 16 APM | 290 actions | 18:03)
5 Blademaster
2 Wind Walk
3 Critical Strike
» actions
| Basic commands | 90 | |
| Build / train | 43 | |
| Enter build submenu | 13 | |
| Enter hero's abilities submenu | 5 | |
| Right click | 7 | |
| Select / deselect | 97 | |
| Use ability | 35 | |
290 total
» units
» upgrades
| Spiked Barricades | 2 | |
| Ranged Weapons | 3 | |
| Armor | 3 | |
| Envenomed Spears | 1 | |
9 total
» buildings
| Altar of Storms | 1 | |
| Orc Burrow | 4 | |
| War Mill | 1 | |
| Watch Tower | 4 | |
| Voodoo Lounge | 1 | |
| Stronghold | 1 | |
| Fortress | 1 | |
| Beastiary | 2 | |
15 total
» build order
00:16 Altar of Storms
00:24 Orc Burrow
01:11 War Mill
02:25 Watch Tower
02:30 Watch Tower
02:55 Voodoo Lounge
04:07 Orc Burrow
04:37 Stronghold
04:53 Watch Tower
05:09 Orc Burrow
06:01 Watch Tower
06:06 Orc Burrow
06:58 Fortress
07:03 Beastiary
07:16 Beastiary
» items
| Healing Salve | 3 | |
| Scroll of Speed | 1 | |
| Scroll of Town Portal | 1 | |
| Orb of Lightning | 1 | |
| Potion of Healing | 1 | |
7 total
team 2 (loser)
NACHAPOP (
purple | 45 APM | 813 actions | 18:02)
4 Mountain King
2 Storm Bolt
1 Bash
1 Thunder Clap
1 Tauren Chieftain
1 Shockwave
» actions
| Basic commands | 1 | |
| Build / train | 85 | |
| Enter build submenu | 51 | |
| Enter hero's abilities submenu | 5 | |
| Give item / drop item | 2 | |
| Remove unit from queue | 1 | |
| Right click | 283 | |
| Select / deselect | 280 | |
| Use ability | 105 | |
813 total
» units
| Peasant | 25 | |
| Mortar Team | 4 | |
| Wind Rider | 4 | |
| Tauren | 2 | |
| Flying Machine | 5 | |
| Peon | 3 | |
43 total
» upgrades
| Masonry | 2 | |
| Lumber Harvesting | 1 | |
| Fragmentation Shards | 1 | |
| Pulverize | 1 | |
| Flak Cannons | 1 | |
6 total
» buildings
| Farm | 11 | |
| Altar of Kings | 1 | |
| Arcane Vault | 1 | |
| Lumber Mill | 3 | |
| Scout Tower | 14 | |
| Arcane Tower | 2 | |
| Town Hall | 2 | |
| Guard Tower | 7 | |
| Keep | 1 | |
| Blacksmith | 1 | |
| Castle | 1 | |
| Workshop | 4 | |
| Watch Tower | 7 | |
| War Mill | 1 | |
56 total
» build order
00:36 Farm
01:06 Altar of Kings
01:09 Arcane Vault
01:21 Farm
01:56 Lumber Mill
02:01 Farm
02:36 Scout Tower
02:50 Farm
03:06 Arcane Tower
03:42 Farm
04:27 Town Hall
04:31 Scout Tower
04:32 Scout Tower
04:34 Scout Tower
04:36 Scout Tower
04:49 Scout Tower
05:01 Guard Tower
05:03 Guard Tower
05:20 Lumber Mill
05:38 Guard Tower
05:45 Arcane Tower
05:55 Farm
06:05 Guard Tower
06:07 Farm
06:23 Farm
06:25 Farm
06:26 Farm
06:32 Keep
06:40 Farm
07:26 Scout Tower
07:28 Scout Tower
07:48 Lumber Mill
07:58 Blacksmith
07:59 Guard Tower
08:15 Scout Tower
08:16 Scout Tower
08:19 Scout Tower
08:21 Scout Tower
08:23 Scout Tower
09:03 Guard Tower
09:04 Scout Tower
09:11 Castle
09:17 Workshop
09:19 Workshop
09:21 Workshop
09:27 Workshop
10:10 Guard Tower
12:53 Watch Tower
12:55 Watch Tower
12:58 Watch Tower
13:00 Watch Tower
13:18 Town Hall
13:36 Watch Tower
13:39 Watch Tower
14:58 Watch Tower
16:15 War Mill
» items
| Scroll of Regeneration | 1 | |
| Lesser Clarity Potion | 3 | |
| Staff of Teleportation | 1 | |
| Healing Salve | 1 | |
| Scroll of Speed | 2 | |
| Scroll of Town Portal | 4 | |
| Orb of Lightning | 1 | |
| Potion of Healing | 2 | |
| Potion of Mana | 1 | |
| Orb of Fire | 1 | |
17 total
remi47 (
yellow | 16 APM | 281 actions | 18:02)
2 Crypt Lord
1 Impale
1 Spiked Carapace
» actions
| Build / train | 29 | |
| Enter build submenu | 12 | |
| Enter hero's abilities submenu | 2 | |
| Right click | 109 | |
| Select / deselect | 115 | |
| Use ability | 14 | |
281 total
» units
| Acolyte | 2 | |
| Ghoul | 12 | |
| Crypt Fiend | 5 | |
| Obsidian Statue | 1 | |
20 total
» upgrades
| Cannibalize | 1 | |
| Unholy Strength | 1 | |
| Creature Attack | 1 | |
| Creature Carapace | 1 | |
4 total
» buildings
| Ziggurat | 3 | |
| Altar of Darkness | 1 | |
| Crypt | 1 | |
| Graveyard | 1 | |
| Halls of the Dead | 1 | |
| Tomb of Relics | 1 | |
| Slaughterhouse | 1 | |
| Sacrificial Pit | 1 | |
| Black Citadel | 1 | |
11 total
» build order
00:13 Ziggurat
00:17 Altar of Darkness
00:40 Crypt
01:13 Graveyard
02:43 Ziggurat
03:47 Ziggurat
05:42 Halls of the Dead
07:47 Tomb of Relics
08:17 Slaughterhouse
10:06 Sacrificial Pit
10:15 Black Citadel
timgaf (
teal | 81 APM | 895 actions | 11:05)
4 Tauren Chieftain
2 Endurance Aura
2 War Stomp
» actions
| Assign group hotkey | 25 | |
| Basic commands | 33 | |
| Build / train | 40 | |
| Enter build submenu | 20 | |
| Enter hero's abilities submenu | 4 | |
| Right click | 218 | |
| Select / deselect | 190 | |
| Select group hotkey | 344 | |
| Use ability | 21 | |
895 total
» units
| Peon | 13 | |
| Grunt | 4 | |
| Troll Headhunter/Berserker | 2 | |
| Tauren | 1 | |
20 total
» upgrades
| Armor | 1 | |
| Berserker Strength | 1 | |
| Melee Weapons | 1 | |
| Spirit Walker Training | 1 | |
4 total
» buildings
| Altar of Storms | 1 | |
| Orc Burrow | 4 | |
| Barracks | 1 | |
| Voodoo Lounge | 1 | |
| War Mill | 1 | |
| Stronghold | 4 | |
| Fortress | 6 | |
| Spirit Lodge | 1 | |
| Great Hall | 1 | |
| Tauren Totem | 2 | |
| Watch Tower | 1 | |
23 total
» build order
00:07 Altar of Storms
00:09 Orc Burrow
01:13 Barracks
01:28 Voodoo Lounge
01:51 Orc Burrow
02:19 War Mill
03:02 Stronghold
03:02 Stronghold
03:03 Stronghold
04:26 Orc Burrow
05:47 Fortress
05:47 Fortress
05:48 Fortress
05:48 Fortress
06:17 Spirit Lodge
06:26 Orc Burrow
08:25 Great Hall
08:42 Tauren Totem
09:10 Tauren Totem
09:55 Watch Tower
» items
TheBender (
green | 58 APM | 639 actions | 11:00)
2 Tauren Chieftain
1 Shockwave
1 Endurance Aura
» actions
| Assign group hotkey | 8 | |
| Build / train | 25 | |
| Enter build submenu | 16 | |
| Enter hero's abilities submenu | 2 | |
| Right click | 274 | |
| Select / deselect | 122 | |
| Select group hotkey | 163 | |
| Use ability | 29 | |
639 total
» units
| Peon | 9 | |
| Troll Witch Doctor | 2 | |
| Kodo Beast | 1 | |
| Wind Rider | 3 | |
15 total
» upgrades
| Armor | 1 | |
| Ranged Weapons | 2 | |
| Witch Doctor Training | 1 | |
4 total
» buildings
| Orc Burrow | 4 | |
| Altar of Storms | 1 | |
| Stronghold | 1 | |
| War Mill | 1 | |
| Voodoo Lounge | 1 | |
| Watch Tower | 4 | |
| Spirit Lodge | 1 | |
| Beastiary | 1 | |
| Fortress | 1 | |
| Great Hall | 1 | |
16 total
» build order
00:07 Orc Burrow
00:36 Altar of Storms
01:46 Orc Burrow
02:09 Stronghold
02:25 War Mill
03:06 Voodoo Lounge
04:38 Watch Tower
04:44 Watch Tower
04:49 Orc Burrow
05:07 Spirit Lodge
05:47 Beastiary
05:52 Watch Tower
06:50 Fortress
07:23 Watch Tower
08:47 Orc Burrow
10:32 Great Hall
» items
Chat log
(01:40 / Allies) bm_dk_dhis4noob: hi
(01:59 / Allies) bm_dk_dhis4noob: blue tech in outside not good idea
(05:42 / Allies) lassassin: once my shops come up im gonna need gold for a dozen fast mort
(06:00 / Allies) lassassin: ty
(06:04 / Allies) bm_dk_dhis4noob: np
(06:21 / Allies) bm_dk_dhis4noob: save xd
(07:12 / Allies) lassassin: gold pls
(07:14 / Allies) lassassin: shops up
(07:18 / Allies) lassassin: need gold
(07:23 / Allies) lassassin: ty
(07:29 / Allies) lassassin: once i get dozen morts lets hall someone
(08:16 / Allies) lassassin: lets hall yellow
(08:17 / Allies) lassassin: come all
(08:42 / Allies) lassassin: theyre all on top
(08:52 / Allies) lassassin: lets hit green
(09:13 / Allies) lassassin: blue
(09:14 / Allies) lassassin: come
(09:26 / Allies) lassassin: faggot wake up
(09:32 / Allies) bm_dk_dhis4noob: pink back
(10:05 / Allies) bm_dk_dhis4noob: nice
(10:12 / Allies) lassassin: go on yellow
(10:18 / Allies) lassassin: hurry
(10:24 / Allies) lassassin: go straight in
(10:29 / Allies) lassassin: \move oj
(10:43 / Allies) bm_dk_dhis4noob: weood
(10:45 / Allies) bm_dk_dhis4noob: wood
(10:49 / All) TheBender: u dont even bother reapiring
(10:51 / All) TheBender: that was gay
(10:54 / All) TheBender: but still a win
(10:57 / All) TheBender: Cu
(11:01 / All) bm_dk_dhis4noob: xcd
(11:08 / All) bm_dk_dhis4noob: noobs
(11:09 / Allies) lassassin: lol
(11:10 / All) lassassin: lol
(12:43 / Allies) lassassin: gold pls
(13:31 / Allies) lassassin: go on pupr
(13:53 / Allies) lassassin: keep em busy
(15:19 / All) bm_dk_dhis4noob: noobs
(15:29 / Allies) lassassin: lol red
(15:33 / Allies) bm_dk_dhis4noob: ?
(15:36 / Allies) lassassin: i dont think u woulda done well against my morts either :p
(15:45 / Allies) bm_dk_dhis4noob: lol
(15:48 / Allies) lassassin: fast morts is serious imba
(17:15 / Allies) bm_dk_dhis4noob: tc
(17:20 / Allies) bm_dk_dhis4noob: blue sleep